 Dungeon Crawl Stone Soup version 0.23.2 (webtiles) character file.

Game seed: 17654135576272158511

865 Menchi the Slasher (level 8, 0/68 HPs)
             Began as a Ghoul Fighter on Apr 6, 2019.
             Slain by a sky beast (5 damage)
             ... on level 5 of the Dungeon.
             The game lasted 00:11:12 (3895 turns).

Menchi the Slasher (Ghoul Fighter)                  Turns: 3895, Time: 00:11:12

Health: 0/68       AC: 10    Str: 18    XL:     8   Next: 3%
Magic:  7/7        EV: 11    Int:  4    God:
Gold:   258        SH:  0    Dex:  8    Spells: 7/7 levels left

rFire    . . .     SeeInvis .   a - +1 long sword
rCold    + + .     Gourm    .   (no shield)
rNeg     + + +     Faith    .   i - +2 leather armour {rC+}
rPois    ∞         Spirit   .   u - +1 helmet
rElec    .         Reflect  .   (no cloak)
rCorr    .         Harm     .   e - +2 pair of gloves {archery}
MR       +....                  (no boots)
Stlth    +.........             g - amulet of regeneration
HPRegen  0.00/turn              l - ring of protection from magic
MPRegen  0.10/turn              y - -3 ring of strength (curse)

@: rotting
A: rotting body, claws 1, carnivore, cold resistance 1, negative energy
resistance 3, inhibited regeneration, torment resistance, unbreathing
a: no special abilities


You were on level 5 of the Dungeon.
You were not hungry.

You visited 1 branch of the dungeon, and saw 5 of its levels.
You also visited: Ossuary.

You collected 258 gold pieces.

Inventory:

Hand Weapons
 a - a +1 long sword (weapon)
Armour
 e - a +2 pair of gloves of archery (worn)
 i - a +2 leather armour of cold resistance (worn)
 u - a +1 helmet (worn)
Jewellery
 g - an amulet of regeneration (around neck)
 h - an uncursed amulet of harm
 l - a ring of protection from magic (left hand)
 y - a cursed -3 ring of strength (right hand)
 D - an uncursed ring of magical power
Wands
 v - a wand of acid (2)
Scrolls
 b - a scroll of amnesia {unknown}
 c - 3 scrolls of teleportation
 j - 6 scrolls of identify
 s - 2 scrolls of immolation {unknown}
 t - 4 scrolls of magic mapping
 B - a scroll of vulnerability {unknown}
Potions
 d - 2 potions of might
 k - 3 potions of curing
 m - 9 potions of haste
 n - a potion of invisibility
 o - 2 potions of ambrosia
 p - 2 potions of berserk rage
 q - a potion of brilliance {unknown}
 r - 4 potions of flight {unknown}
 w - 2 potions of resistance {unknown}
 x - 2 potions of lignification {unknown}
 z - a potion of mutation {unknown}
 A - a potion of heal wounds {unknown}
Comestibles
 f - 8 rations


   Skills:
 * Level 5.1(2.5) Fighting
 * Level 7.0(3.5) Long Blades
 - Level 2.6(1.3) Armour
 * Level 2.4(1.2) Dodging
   Level 2.6(1.3) Shields


You had 7 spell levels left.
You didn't know any spells.
Your spell library contained the following spells:

 Spells                   Type           Power        Failure   Level  Hunger
 Animate Skeleton         Necr           N/A          56%         1    ##.....
 Apportation              Tloc           #.....       56%         1    ##.....
 Confusing Touch          Hex            #.....       56%         1    ##.....
 Summon Small Mammal      Summ           #...         56%         1    ##.....


Dungeon Overview and Level Annotations

Branches:
Dungeon (5/15)
 Temple: D:4-7

Altars:
Ashenzari
Cheibriados

Shops:
D:5 }


Innate Abilities, Weirdness & Mutations

Your body is rotting away.
You thrive on raw meat.
You are immune to poison.
You have sharp fingernails.
You are carnivorous and can eat meat at any time.
Your flesh is cold resistant. (rC+)
You are immune to negative energy. (rN+++)
You do not regenerate when monsters are visible.
You are immune to unholy pain and torment.
You can survive without breathing.


Message History

You miss something. Something hits you but does no damage.
You barely miss something. Something hits you but does no damage.
Something hits you. Something shocks you.
* * * LOW HITPOINT WARNING * * *
You hit something but do no damage. Something hits you but does no damage.
You closely miss something. Something hits you but does no damage.
You miss something. Something hits you.
* * * LOW HITPOINT WARNING * * *
Something shocks you.
* * * LOW HITPOINT WARNING * * *
You slash something! Something hits you but does no damage.
You barely miss something. Something hits you.
* * * LOW HITPOINT WARNING * * *
Something shocks you.
* * * LOW HITPOINT WARNING * * *
Something hits you but does no damage.
You miss something. Something hits you.
* * * LOW HITPOINT WARNING * * *
Something shocks you.
You die...

#......#..........#
#......#..........#
#......#..........#
#......#..........#
#......#..........#
#......#..........#
#####...<..###...# #
....#........###{####.##.
....#........#..@........
....#........#...........
....#........#....†......
....#........'...........
....#........#...........
..###........########..##
#'####+#..........# ..#
.......#..........# ...
.......'..........# .


There were no monsters in sight!

Vanquished Creatures
  Grinder (D:3)
  An ice beast (D:5)
  A water moccasin zombie (Ossuary)
  A scorpion (D:4)
  A howler monkey (D:4)
  A crimson imp (D:5)
  An orc priest (D:3)
  Ijyb (D:3)
  A gnoll shaman (D:4)
  An iron imp (D:4)
  2 orc wizards (D:4)
  2 worker ants (D:5)
  2 mummies (Ossuary)
  3 gnolls (D:4)
  5 adders
  A shadow imp (D:5)
  3 adder zombies (Ossuary)
  2 worms (D:2)
  A dart slug (D:4)
  3 leopard geckos
  9 orcs
  5 bats
  4 giant cockroaches
  2 gnoll zombies (Ossuary)
  4 hobgoblins
  6 jackals (D:4)
  2 quokkas
  4 frilled lizards
  5 goblins
  A hobgoblin zombie (Ossuary)
  7 kobolds
  9 kobold zombies (Ossuary)
  3 orc zombies (Ossuary)
  2 rats
97 creatures vanquished.

Notes
Turn   | Place    | Note
-------+----------+-------------------------------------------
     0 | D:1      | Menchi the Ghoul Fighter began the quest for the Orb.
     0 | D:1      | Reached XP level 1. HP: 19/19 MP: 0/0
   167 | D:1      | Reached skill level 2 in Long Blades
   182 | D:1      | Reached XP level 2. HP: 22/25 MP: 1/1
   916 | D:2      | Reached XP level 3. HP: 29/33 MP: 2/2
  1264 | D:2      | Reached skill level 3 in Long Blades
  1563 | D:3      | Reached XP level 4. HP: 37/40 MP: 3/3
  1937 | D:3      | Found a shattered altar of Ashenzari.
  1951 | D:3      | Noticed Grinder
  1968 | D:3      | Killed Grinder
  1968 | D:3      | Reached skill level 4 in Long Blades
  1968 | D:3      | Reached skill level 1 in Dodging
  1968 | D:3      | Reached XP level 5. HP: 30/47 MP: 4/4
  1968 | D:3      | Reached XP level 6. HP: 34/53 MP: 5/5
  1985 | D:3      | Became a worshipper of Ashenzari the Shackled
  2105 | D:3      | Noticed Ijyb
  2112 | D:3      | Killed Ijyb
  2112 | D:3      | Reached skill level 5 in Long Blades
  2258 | D:4      | Found a sand-covered staircase.
  2303 | Ossuary  | Entered an ossuary
  2524 | D:4      | Reached XP level 7. HP: 58/58 MP: 6/6
  2612 | D:4      | Reached skill level 6 in Long Blades
  2717 | D:4      | Fell from the grace of Ashenzari
  2797 | D:4      | Identified a scroll of acquirement
  2890 | D:4      | Found a snail-covered altar of Cheibriados.
  3512 | D:5      | Entered Level 5 of the Dungeon
  3578 | D:5      | Found Doobaqi's Gadget Boutique.
  3681 | D:5      | Reached skill level 5 in Fighting
  3785 | D:5      | Reached XP level 8. HP: 56/68 MP: 7/7
  3876 | D:5      | Reached skill level 7 in Long Blades
  3895 | D:5      | Slain by a sky beast

Skill      XL: |  1  2  3  4  5  6  7  8 |
---------------+-------------------------+-----
Long Blades    | 2 3 4 5 6 7 |  7.0
Fighting       | 4 5 |  5.1
Dodging        | 1 2 |  2.4
Armour         | |  2.6
Shields        | |  2.6

Action                   |  1- 3 |  4- 6 |  7- 9 || total
-------------------------+-------+-------+-------++-------
Melee: Long sword        |    98 |   121 |   164 ||   383
Invok: Renounce Religion |       |       |     1 ||     1
Evoke: Wand              |       |       |     4 ||     4
  Use: Scroll            |     8 |       |     4 ||    12
  Eat: Chunk             |     8 |     6 |    10 ||    24
Armor: Scale mail        |    32 |       |       ||    32
       Leather armour    |    22 |    59 |    84 ||   165
Dodge: Dodged            |    71 |    69 |   114 ||   254
       Rpst.: Long sword |    31 |    24 |    36 ||    91
